TOP OF THE 1ST |
Great Lakes Loons batting - Pitching for Augusta GreenJackets : RHP Brian Whitley
|
Pitching: RHP Brian Whitley
|
|
Batting: SHB Javy Franco
|
0-0: SINGLE (Flyball, 6D, EV 88.8 MPH)
|
Batting: RHB Brad Brady
|
0-0: Called Strike 0-1: Called Strike 0-2: Ball 1-2: Ball 2-2: Grounds into double play, 6-4-3 (Groundball, 6M, EV 78.8 MPH)
|
Batting: LHB Fernão Manta
|
0-0: Foul Ball, location: 2F 0-1: Foul Ball, location: 2F 0-2: Ball 1-2: Ball 2-2: Ball 3-2: Hit by Pitch
|
Batting: RHB Juan Gallegos
|
0-0: Fielders Choice at 2nd, U4 (Groundball, 4M, EV 82.5 MPH)
|
Top of the 1st over - 0 runs, 1 hit, 0 errors, 1 left on base; Great Lakes 0 - Augusta 0 |
BOTTOM OF THE 1ST |
Augusta GreenJackets batting - Pitching for Great Lakes Loons : RHP Rick Grenfell
|
Pitching: RHP Rick Grenfell
|
|
Batting: SHB Zack Barton
|
0-0: Swinging Strike 0-1: Ground out 4-3 (Groundball, 4, EV 101.2 MPH)
|
Batting: RHB Armando Ramirez
|
0-0: Ball 1-0: Called Strike 1-1: Called Strike 1-2: SINGLE (Groundball, 6, EV 98.1 MPH)
|
Batting: LHB Oscar Tamayo
|
0-0: Called Strike Armando Ramirez is caught stealing 2nd base 2-6 0-1: Ball 1-1: Called Strike 1-2: Foul Ball, location: 2F 1-2: Ball 2-2: SOLO HOME RUN (Flyball, 89XD, EV 105.6 MPH), Distance : 419 ft
|
Batting: SHB Louie Horne
|
0-0: Swinging Strike 0-1: Ball 1-1: Ball 2-1: Foul Ball, location: 2F 2-2: Ground out 4-3 (Groundball, 4, EV 86.2 MPH)
|
Bottom of the 1st over - 1 run, 2 hits, 0 errors, 0 left on base; Great Lakes 0 - Augusta 1 |
TOP OF THE 2ND |
Great Lakes Loons batting - Pitching for Augusta GreenJackets : RHP Brian Whitley
|
Batting: RHB Adam Maczko
|
0-0: Ball 1-0: Called Strike 1-1: Fly out, F9 (Flyball, 9S, EV 87.5 MPH)
|
Batting: LHB Bobby Gonzalez
|
0-0: Called Strike 0-1: Ball 1-1: Swinging Strike 1-2: Ball 2-2: Strikes out looking
|
Batting: RHB Bob Magana
|
0-0: Ball 1-0: Swinging Strike 1-1: Swinging Strike 1-2: Ball 2-2: Strikes out swinging
|
Top of the 2nd over - 0 runs, 0 hits, 0 errors, 0 left on base; Great Lakes 0 - Augusta 1 |
BOTTOM OF THE 2ND |
Augusta GreenJackets batting - Pitching for Great Lakes Loons : RHP Rick Grenfell
|
Batting: LHB Chris Morgan
|
0-0: Ball 1-0: Ball 2-0: Ball 3-0: Base on Balls
|
Batting: RHB Larry Hardman
|
0-0: Fielders Choice at 2nd, 6-4 (Groundball, 6S, EV 92.5 MPH)
|
Batting: RHB Jake Shelton
|
0-0: Ball 1-0: Fielders Choice at 2nd, 5-4 (Groundball, 5, EV 89.4 MPH)
|
Batting: LHB Jason Hopkins
|
0-0: Ball Wild Pitch! Jake Shelton to second 1-0: Ground out 5-3 (Groundball, 56, EV 81.9 MPH)
|
Bottom of the 2nd over - 0 runs, 0 hits, 0 errors, 1 left on base; Great Lakes 0 - Augusta 1 |
TOP OF THE 3RD |
Great Lakes Loons batting - Pitching for Augusta GreenJackets : RHP Brian Whitley
|
Batting: LHB Randy Boone
|
0-0: Ball 1-0: Ball 2-0: Called Strike 2-1: SINGLE (Flyball, 56D, EV 92.5 MPH)
|
Batting: RHB Perry Dominey
|
0-0: Ball 1-0: Ball 2-0: Called Strike Randy Boone steals 2nd base 2-1: Swinging Strike 2-2: Foul Ball, location: 2F 2-2: Ball 3-2: Reached via error on a dropped throw from SS, E3 (Groundball, 6, EV 107.5 MPH) Randy Boone to third
|
Batting: SHB Javy Franco
|
0-0: Called Strike Perry Dominey steals 2nd base 0-1: Ball 1-1: Called Strike 1-2: Strikes out looking
|
Batting: RHB Brad Brady
|
0-0: Ball 1-0: Ball 2-0: Called Strike 2-1: Swinging Strike 2-2: SINGLE (Line Drive, 89S, EV 103.8 MPH) Randy Boone scores Perry Dominey to third
|
Batting: LHB Fernão Manta
|
0-0: Ball 1-0: Called Strike Brad Brady is caught stealing 2nd base 2-6 1-1: Foul Ball, location: 2F 1-2: Strikes out swinging
|
Top of the 3rd over - 1 run, 2 hits, 1 error, 1 left on base; Great Lakes 1 - Augusta 1 |
BOTTOM OF THE 3RD |
Augusta GreenJackets batting - Pitching for Great Lakes Loons : RHP Rick Grenfell
|
Batting: SHB Hugo Moreno
|
0-0: SOLO HOME RUN (Flyball, 9D, EV 98.8 MPH), Distance : 368 ft
|
Batting: SHB Zack Barton
|
0-0: Ball 1-0: Ball 2-0: Called Strike 2-1: Ball 3-1: Foul Ball, location: 2F 3-2: Base on Balls
|
Batting: RHB Armando Ramirez
|
0-0: Called Strike Zack Barton steals 2nd base (no throw) 0-1: Foul Ball, location: 2F 0-2: DOUBLE (Groundball, 5L, EV 105.6 MPH) Zack Barton scores
|
Batting: LHB Oscar Tamayo
|
0-0: Ball 1-0: Swinging Strike 1-1: Ball 2-1: Ground out 4-3 (Groundball, 4, EV 83.1 MPH) Armando Ramirez to third
|
Batting: SHB Louie Horne
|
0-0: SINGLE (Line Drive, 78S, EV 101.2 MPH) Armando Ramirez scores
|
Batting: LHB Chris Morgan
|
0-0: Ground out 4-3 (Groundball, 4S, EV 68.8 MPH) Louie Horne to second
|
Batting: RHB Larry Hardman
|
0-0: Called Strike 0-1: Foul Ball, location: 2F 0-2: Foul Ball, location: 2F 0-2: Ball 1-2: Ball 2-2: SINGLE (Line Drive, 34, EV 111.2 MPH) Louie Horne to third
|
Batting: RHB Jake Shelton
|
0-0: Called Strike 0-1: Foul Ball, location: 2F 0-2: Strikes out swinging
|
Bottom of the 3rd over - 3 runs, 4 hits, 0 errors, 2 left on base; Great Lakes 1 - Augusta 4 |
TOP OF THE 4TH |
Great Lakes Loons batting - Pitching for Augusta GreenJackets : RHP Brian Whitley
|
Batting: RHB Juan Gallegos
|
0-0: Ball 1-0: Ball 2-0: Called Strike 2-1: Foul Ball, location: 2F 2-2: Ground out 6-3 (Groundball, 6M, EV 90.6 MPH)
|
Batting: RHB Adam Maczko
|
0-0: Ball 1-0: Ball 2-0: Fly out, F9 (Flyball, 89D, EV 96.9 MPH)
|
Batting: LHB Bobby Gonzalez
|
0-0: Called Strike 0-1: Called Strike 0-2: Ball 1-2: Foul Ball, location: 2F 1-2: Ball 2-2: Fly out, F7 (Flyball, 7, EV 81.9 MPH)
|
Top of the 4th over - 0 runs, 0 hits, 0 errors, 0 left on base; Great Lakes 1 - Augusta 4 |
BOTTOM OF THE 4TH |
Augusta GreenJackets batting - Pitching for Great Lakes Loons : RHP Rick Grenfell
|
Batting: LHB Jason Hopkins
|
0-0: Called Strike 0-1: Ball 1-1: SINGLE (Flyball, 78S, EV 90.6 MPH)
|
Batting: SHB Hugo Moreno
|
0-0: Ball 1-0: Foul Ball, location: 2F 1-1: Fly out, F5 (Popup, 5F, EV 59.4 MPH)
|
Batting: SHB Zack Barton
|
0-0: Fly out, F8 (Flyball, 78M, EV 97.5 MPH)
|
Batting: RHB Armando Ramirez
|
0-0: Called Strike 0-1: SINGLE (Groundball, 56S, EV 66.2 MPH) (infield hit) Jason Hopkins to second
|
Batting: LHB Oscar Tamayo
|
0-0: Foul Ball, location: 2F 0-1: Ball 1-1: Foul Ball, location: 2F 1-2: Strikes out swinging
|
Bottom of the 4th over - 0 runs, 2 hits, 0 errors, 2 left on base; Great Lakes 1 - Augusta 4 |
TOP OF THE 5TH |
Great Lakes Loons batting - Pitching for Augusta GreenJackets : RHP Brian Whitley
|
Batting: RHB Bob Magana
|
0-0: Called Strike 0-1: Swinging Strike 0-2: Strikes out looking
|
Batting: LHB Randy Boone
|
0-0: Ball 1-0: Ball 2-0: Fly out, F9 (Flyball, 9LM, EV 94.4 MPH)
|
Batting: RHB Perry Dominey
|
0-0: SINGLE (Line Drive, 6MD, EV 100.0 MPH)
|
Batting: SHB Javy Franco
|
0-0: Called Strike Perry Dominey steals 2nd base (no throw) 0-1: Ball 1-1: SINGLE (Groundball, 6M, EV 95.0 MPH) (infield hit) Perry Dominey to third
|
Batting: RHB Brad Brady
|
0-0: Called Strike Javy Franco steals 2nd base 0-1: Foul Ball, location: 2F 0-2: Ball 1-2: Ball 2-2: Foul Ball, location: 2F 2-2: Ball 3-2: Strikes out swinging
|
Top of the 5th over - 0 runs, 2 hits, 0 errors, 2 left on base; Great Lakes 1 - Augusta 4 |
BOTTOM OF THE 5TH |
Augusta GreenJackets batting - Pitching for Great Lakes Loons : RHP Rick Grenfell
|
Batting: SHB Louie Horne
|
0-0: Ball 1-0: Called Strike 1-1: Foul Ball, location: 2F 1-2: Ball 2-2: Strikes out swinging
|
Batting: LHB Chris Morgan
|
0-0: Fly out, F8 (Flyball, 89D, EV 93.8 MPH)
|
Batting: RHB Larry Hardman
|
0-0: Ball 1-0: Swinging Strike 1-1: Ball 2-1: Called Strike 2-2: Ball 3-2: Ground out 4-3 (Groundball, 34, EV 81.2 MPH)
|
Bottom of the 5th over - 0 runs, 0 hits, 0 errors, 0 left on base; Great Lakes 1 - Augusta 4 |
TOP OF THE 6TH |
Great Lakes Loons batting - Pitching for Augusta GreenJackets : RHP Brian Whitley
|
Batting: LHB Fernão Manta
|
0-0: Called Strike 0-1: Ball 1-1: Ground out 5-3 (Groundball, 56, EV 83.1 MPH)
|
Batting: RHB Juan Gallegos
|
0-0: Ball 1-0: Swinging Strike 1-1: Foul Ball, location: 2F 1-2: Ground out 4-3 (Groundball, 4, EV 103.8 MPH)
|
Batting: RHB Adam Maczko
|
0-0: Ground out 5-3 (Groundball, 56, EV 85.0 MPH)
|
Top of the 6th over - 0 runs, 0 hits, 0 errors, 0 left on base; Great Lakes 1 - Augusta 4 |
BOTTOM OF THE 6TH |
Augusta GreenJackets batting - Pitching for Great Lakes Loons : RHP Rick Grenfell
|
Batting: RHB Jake Shelton
|
0-0: Called Strike 0-1: Ball 1-1: Ball 2-1: Ball 3-1: TRIPLE (Flyball, 9LD, EV 92.5 MPH)
|
Batting: LHB Jason Hopkins
|
0-0: Intentional Walk
|
Batting: SHB Hugo Moreno
|
0-0: Foul Ball, location: 2F 0-1: Called Strike 0-2: Ball 1-2: Ball 2-2: Foul Ball, location: 2F 2-2: Ball 3-2: Grounds into double play, 3-6-3 (Groundball, 3, EV 94.4 MPH) Jake Shelton scores
|
Pitching: RHP Justin Donovan
|
|
Batting: SHB Zack Barton
|
0-0: Called Strike 0-1: Ball 1-1: Fly out, F8 (Flyball, 8RD, EV 94.4 MPH)
|
Bottom of the 6th over - 1 run, 1 hit, 0 errors, 0 left on base; Great Lakes 1 - Augusta 5 |
TOP OF THE 7TH |
Great Lakes Loons batting - Pitching for Augusta GreenJackets : RHP Brian Whitley
|
Batting: LHB Bobby Gonzalez
|
0-0: Foul Ball, location: 2F 0-1: Foul Ball, location: 2F 0-2: Ground out 6-3 (Groundball, 6MS, EV 80.0 MPH)
|
Pitching: RHP Dave Baber
|
|
Batting: RHB Bob Magana
|
0-0: Ground out 5-3 (Groundball, 5L, EV 101.9 MPH)
|
Batting: LHB Randy Boone
|
0-0: Foul Ball, location: 2F 0-1: Ball 1-1: Foul Ball, location: 2F 1-2: Strikes out swinging
|
Top of the 7th over - 0 runs, 0 hits, 0 errors, 0 left on base; Great Lakes 1 - Augusta 5 |
BOTTOM OF THE 7TH |
Augusta GreenJackets batting - Pitching for Great Lakes Loons : RHP Justin Donovan
|
Batting: RHB Armando Ramirez
|
0-0: SINGLE (Line Drive, 9S, EV 93.1 MPH)
|
Batting: LHB Oscar Tamayo
|
0-0: Swinging Strike 0-1: Foul Ball, location: 2F 0-2: Foul Ball, location: 2F 0-2: Ball 1-2: Foul Ball, location: 2F 1-2: Ball 2-2: Fly out, F8 (Flyball, 8RXD, EV 102.5 MPH)
|
Batting: SHB Louie Horne
|
0-0: Called Strike 0-1: Called Strike 0-2: Fly out, F5 (Popup, 5L, EV 54.4 MPH)
|
Batting: LHB Chris Morgan
|
0-0: Called Strike Armando Ramirez steals 2nd base 0-1: Foul Ball, location: 2F 0-2: Strikes out swinging
|
Bottom of the 7th over - 0 runs, 1 hit, 0 errors, 1 left on base; Great Lakes 1 - Augusta 5 |
TOP OF THE 8TH |
Great Lakes Loons batting - Pitching for Augusta GreenJackets : RHP Dave Baber
|
Batting: RHB Perry Dominey
|
0-0: Ball 1-0: Ball 2-0: Called Strike 2-1: SINGLE (Line Drive, 9LS, EV 96.9 MPH)
|
Batting: SHB Javy Franco
|
0-0: Fielders Choice at 2nd, 4-6 (Groundball, 4, EV 106.2 MPH)
|
Batting: RHB Brad Brady
|
0-0: Grounds out, U3 (Groundball, 3L, EV 81.9 MPH)
|
Batting: LHB Fernão Manta
|
0-0: Ball 1-0: Ball 2-0: Called Strike 2-1: Foul Ball, location: 2F 2-2: Foul Ball, location: 2F 2-2: Strikes out swinging
|
Top of the 8th over - 0 runs, 1 hit, 0 errors, 1 left on base; Great Lakes 1 - Augusta 5 |
BOTTOM OF THE 8TH |
Augusta GreenJackets batting - Pitching for Great Lakes Loons : RHP Justin Donovan
|
Pitching: RHP Francisco Guzman
|
|
Batting: RHB Larry Hardman
|
0-0: Called Strike 0-1: Ball 1-1: SINGLE (Line Drive, 78S, EV 107.5 MPH)
|
Batting: RHB Jake Shelton
|
0-0: Ball 1-0: Bunt missed! 1-1: Ball 2-1: Ball 3-1: Ball Larry Hardman to second
|
Batting: LHB Jason Hopkins
|
0-0: Ball 1-0: Sac Bunt to 23 - play at first, batter OUT! 3-4 Larry Hardman to third Jake Shelton to second
|
Batting: SHB Hugo Moreno
|
0-0: Fly out, F8 (Line Drive, 8LXD, EV 86.2 MPH) Runner from 3rd tags up, SCORES, no throw by CF
|
Batting: SHB Zack Barton
|
Balk! Jake Shelton to third 0-0: Fly out, F4 (Line Drive, 4, EV 71.2 MPH)
|
Bottom of the 8th over - 1 run, 1 hit, 0 errors, 1 left on base; Great Lakes 1 - Augusta 6 |
TOP OF THE 9TH |
Great Lakes Loons batting - Pitching for Augusta GreenJackets : RHP Dave Baber
|
Batting: RHB Juan Gallegos
|
0-0: Called Strike 0-1: Swinging Strike 0-2: Ball 1-2: Ball 2-2: Strikes out swinging
|
Batting: RHB Adam Maczko
|
0-0: Ball 1-0: Called Strike 1-1: Ball 2-1: Fly out, F8 (Flyball, 8RM, EV 90.6 MPH)
|
Batting: LHB Bobby Gonzalez
|
0-0: Foul Ball, location: 2F 0-1: Called Strike 0-2: Strikes out swinging
|
Top of the 9th over - 0 runs, 0 hits, 0 errors, 0 left on base; Great Lakes 1 - Augusta 6 |
|